Zazza, neutral female human Tourist # ---------- ------- |........| |.....| |........| |.....| ------- |....<..(-###################################|.....|########......| -------.-- #|......########|.....| # -|-----# #......| # ################################`####### |.....| # # # # # |^....| -------.---### --+-+----------- # -|----- |..........# ###-..............| # #### |........)| |.............>.######## # # |^.........#####-..............| # # ### |........`| |...............#########`##-.---------######## # ----------- ---------------- # #|.a.......|# --.---|-- ###.@r.......|# |.......| #e.........|# |...{...| |.........|# |.......| |.........|# --------- -----------# Zazza the Sightseer Experience level: 3 Strength: 14 Dexterity: 13 Constitution: 14 Intelligence: 13 Wisdom: 8 Charisma: 18 Health: 0(25) Energy: 9(9) Def: 1 Gold: 404 Moves: 2817 Dungeon seed: zmCn-Garz0oywWCL Game ID: Zazza_1575619445 Your Inventory: Coins $ - 404 gold pieces Weapons a - 32 +2 darts (in quiver) s - 3 +0 orcish daggers A - a +0 long sword (weapon in hand) B - a cursed -2 long sword Q - 24 cursed +2 darts Armor e - an uncursed +0 Hawaiian shirt (being worn) y - an uncursed +0 orcish helm (being worn) Comestibles b - 2 uncursed tripe rations c - an uncursed melon d - an uncursed apple f - 3 uncursed food rations g - 2 uncursed slime molds h - an uncursed carrot x - an uncursed eucalyptus leaf Scrolls E - an uncursed scroll of amnesia F - a blessed scroll of amnesia L - 2 cursed scrolls of magic mapping T - a cursed scroll of identify Potions i - an uncursed potion of extra healing w - a cursed potion of levitation D - a potion of holy water G - a cursed potion of gain ability H - 2 uncursed potions of monster detection I - 2 uncursed potions of gain ability J - an uncursed potion of blindness K - 2 uncursed potions of water M - an uncursed potion of levitation S - 2 cursed potions of fruit juice W - a cursed potion of restore ability X - 2 potions of unholy water Rings p - a cursed ring of levitation v - a cursed -1 ring of gain strength C - a cursed -2 ring of gain constitution U - a cursed ring of teleportation Z - a cursed ring of sustain ability Wands k - a wand of create monster (0:14) o - a wand of locking (0:8) t - a cursed wand of cancellation (0:5) u - a cursed wand of sleep (0:4) V - a cursed wand of fire (0:4) Tools l - an expensive camera (0:86) m - an uncursed credit card N - an uncursed tin whistle O - an uncursed tin whistle Gems n - an uncursed worthless piece of black glass q - an uncursed garnet stone r - 2 uncursed worthless pieces of orange glass z - an uncursed worthless piece of blue glass Y - an uncursed fluorite stone Spells and supernatural/magical abilities: Name Level Category Fail Memory W - pray for help -- divine ? -- Your skills at the end: Fighting Skills Weapon Skills long sword [Basic] dart [Basic] Spellcasting Skills Final Attributes: You were devoutly aligned. You are dead. Vanquished creatures: a shrieker a dwarf zombie an acid blob 6 coyotes a gas spore a hobgoblin a giant rat 2 cave spiders 2 green molds a red mold 2 geckos 2 jackals a fox a kobold 5 goblins 2 sewer rats 13 grid bugs 4 lichens a kobold zombie 3 newts 51 creatures vanquished. Voluntary challenges: You used a wielded weapon 35 times, starting on turn 521. You read items or engraved 5 times, starting on turn 33. You never genocided any monsters. You never polymorphed an object. You never changed form. You used no wishes. You never split a pudding. You never wrote Elbereth's name. You never violated your personal moral code. Dungeon overview: The Dungeons of Doom: levels 1 to 6 Level 1 an altar to Blind Io a long staircase Level 2 a general store, a fountain Level 3 a potion shop Level 4 a fountain, a sink a long staircase Level 5 Level 6 <- You were here a fountain History has recorded: On T:1 you entered the Dungeons of Doom to retrieve the Amulet of Yendor! On T:304 you reached level 2 of The Dungeons of Doom. On T:1024 you reached level 3 of The Dungeons of Doom. On T:1127 you advanced to experience level 2. On T:1540 you reached level 4 of The Dungeons of Doom. On T:1898 you reached level 5 of The Dungeons of Doom. On T:2102 you advanced to experience level 3. On T:2230 you reached level 6 of The Dungeons of Doom. Score breakdown: Gold: 0 ( 0 points) Experience: 3 levels ( 7878 points) Exploration: 6 levels ( 12.24%) ( 9682 points) Discoveries: 1 item ( 0.34%) ( 1737 points) Valuables value: (no points given unless you survive) Artifact value: 0 ( 0 points) Variety of kills: 20 monsters ( 5.25%) ( 6873 points) Turncount: 2817 turns ( -506 points) Survival: died (score multiplied by 80%) Total score: 20531 Latest messages: Never mind. You hear a crunching sound. You are beginning to feel hungry. You miss the green mold. (3x) You hit the green mold! You kill the green mold! You are splashed by its acid! Something is written here in the dust. You read: "| ?c?h". The rock mole bites! You miss the rock mole. (4x) The rock mole bites! You miss the rock mole. You hit the rock mole. You miss the rock mole. (2x) The rock mole bites! You miss the rock mole. (4x) The rock mole bites! You miss the rock mole. (2x) The giant ant bites! (2x) You miss the rock mole. The giant ant bites! You die... Final status: Aloha Zazza the Tourist, killed by a giant ant... You died in The Dungeons of Doom on dungeon level 6 with 20531 points, and 404 pieces of gold, after 2817 moves. You were level 3 with a maximum of 25 hit points when you died.